 Dungeon Crawl Stone Soup version 0.29-a0-821-g66395355a5 (webtiles) character file.

Game seed: 3835484257760045202

42575 vineage the Warrior (level 14, -4/98 HPs)
             Began as a Gargoyle Fighter on July 7, 2022.
             Was a High Priest of Okawaru.
             Slain by a death yak (6 damage)
             ... on level 5 of the Lair of Beasts.
             The game lasted 00:33:22 (27313 turns).

vineage the Warrior (Gargoyle Fighter)             Turns: 27313, Time: 00:33:22

Health: -4/98      AC: 33    Str: 24    XL:     14   Next: 20%
Magic:  0/18       EV: 10    Int: 13    God:    Okawaru [*****.]
Gold:   1707       SH: 19    Dex: 11    Spells: 13/13 levels left

rFire   + + .      SeeInvis .   d - +4 eveningstar
rCold   . . .      Faith    .   R - +1 tower shield {rF+}
rNeg    + + .      Spirit   +   P - +5 scale mail of Blue Divine Compulsion {Dex+2}
rPois   ∞          Reflect  .   L - +2 hat {Int+3}
rElec   +          Harm     .   j - +0 cloak {Will+}
rCorr   .          Rampage  .   v - +0 pair of gloves
Will    ++...                   o - +0 pair of boots
Stlth   +.........              q - amulet of guardian spirit
HPRegen 0.26/turn               C - ring of protection from fire
MPRegen 0.16/turn               H - ring of positive energy

@: about to teleport, heroic, flying
A: sickness immunity, AC +10, big wings, negative energy resistance 1,
electricity resistance, torment resistance 1, petrification resistance
a: Renounce Religion, Heroism, Finesse, Duel


You were on level 5 of the Lair of Beasts.
You worshipped Okawaru.
Okawaru was extremely pleased with you.
You visited 3 branches of the dungeon, and saw 17 of its levels.
You also visited: Sewer, Ossuary, Bailey and Volcano.

You collected 2023 gold pieces.
You spent 316 gold pieces at shops.

Inventory:

Hand Weapons
 d - a +4 eveningstar (weapon)
 M - a -2 demon whip of venom
Missiles
 E - 9 throwing nets (quivered)
Armour
 a - a +0 cloak of fire resistance
 j - a +0 cloak of willpower (worn)
 o - a +0 pair of boots (worn)
 v - a +0 pair of gloves (worn)
 L - a +2 hat of intelligence (worn)
 P - the +5 scale mail of Blue Divine Compulsion (worn) {Dex+2}
   (Okawaru gifted it to you in a volcano)

   Dex:       It affects your dexterity (+2).
 R - a +1 tower shield of fire resistance (worn)
Jewellery
 n - a ring of resist corrosion
 q - an amulet of guardian spirit (around neck)
 w - a +4 ring of protection
 A - a ring of flight
 C - a ring of protection from fire (left hand)
 H - a ring of positive energy (right hand)
 O - a ring of see invisible
Wands
 m - a wand of flame (32)
 x - a wand of mindburst (6)
 F - a wand of paralysis (15)
 G - a wand of roots (11)
 K - a wand of polymorph (10)
 Q - a wand of light (5)
Scrolls
 c - 5 scrolls of identify
 e - 5 scrolls of amnesia
 p - 2 scrolls of fear
 s - a scroll of enchant weapon
 t - 2 scrolls of poison
 u - 7 scrolls of fog
 B - 2 scrolls of enchant armour
 N - a scroll of torment {unknown}
Potions
 b - a potion of cancellation
 f - a potion of invisibility
 g - 5 potions of attraction
 h - 3 potions of flight
 i - 4 potions of mutation
 k - 7 potions of magic
 l - a potion of brilliance
 r - 4 potions of heal wounds
 z - 3 potions of ambrosia
 D - 8 potions of haste
 I - 3 potions of curing
 J - a potion of resistance


   Skills:
 + Level 15.3(20.3) Fighting
 + Level 13.9(18.9) Maces & Flails
 + Level 11.3(16.3) Armour
 + Level 11.3(16.3) Shields
 + Level 5.7 Invocations


You had 13 spell levels left.
You didn't know any spells.
Your spell library contained the following spells:

 Spells                   Type           Power      Damage    Failure   Level
 Magic Dart               Conj           0%         1d3       87%         1
 Sandblast                Erth           0%         2d4       87%         1
 Shock                    Conj/Air       0%         1d3       87%         1
 Sting                    Tmut/Pois      0%         1d3       87%         1
 Blink                    Tloc           0%         N/A       95%         2
 Passwall                 Tmut/Erth      0%         N/A       95%         2
 Poisonous Vapours        Pois/Air       0%         N/A       95%         2
 Searing Ray              Conj           0%         2d4       95%         2
 Static Discharge         Conj/Air       0%         3-3/arc   95%         2
 Wereblood                Tmut           0%         N/A       95%         2
 Confusing Touch          Hex            0%         N/A       99%         3
 Dazzling Flash           Conj/Hex       0%         N/A       99%         3
 Frozen Ramparts          Ice            0%         1d2       99%         3
 Lesser Beckoning         Tloc           0%         N/A       99%         3
 Stone Arrow              Conj/Erth      0%         3d7       99%         3
 Corpse Rot               Necr/Pois/Air  0%         N/A       100%        4
 Dispel Undead            Necr           0%         3d6       100%        4
 Fulminant Prism          Conj/Hex       0%         3d6       100%        4
 Ice Form                 Ice/Tmut       0%         N/A       100%        4
 Iskenderun's Mystic Bla  Conj/Tloc      0%         2d3       100%        4
 Olgreb's Toxic Radiance  Pois           0%         N/A       100%        4
 Freezing Cloud           Conj/Ice/Air   0%         6-21      100%        5
 Manifold Assault         Tloc           0%         N/A       100%        5
 Yara's Violent Unravell  Hex/Tmut       0%         3d3       100%        5
 Starburst                Conj/Fire      0%         6d3       100%        6
 Enfeeble                 Hex            0%         N/A       100%        7
 Orb of Destruction       Conj           0%         9d5       100%        7
 Storm Form               Tmut/Air       0%         N/A       100%        7
 Sublimation of Blood     Necr           Unusable   N/A       N/A         2
 Summon Ice Beast         Ice/Summ       Unusable   N/A       N/A         4
 Summon Mana Viper        Hex/Summ       Unusable   N/A       N/A         5
 Death Channel            Necr           Unusable   N/A       N/A         6
 Summon Hydra             Summ           Unusable   N/A       N/A         7

Dungeon Overview and Level Annotations

Branches:
Dungeon (11/15)            Temple (1/1) D:7            Lair (5/6) D:10
 Shoals (0/4) Lair:4        Snake (0/4) Lair:2          Orc (0/2) D:9
  Sewer (visited)         Ossuary (visited)          Bailey (visited)
Volcano (visited)
  Slime: Lair:5-6

Altars:
Cheibriados
Dithmenos
Elyvilon
Gozag
Makhleb
Nemelex Xobeh
Okawaru
Uskayaw
Vehumet
Wu Jian
Xom
Yredelemnul
The Shining One

Shops:
D:4 :   D:8 !   D:10 *

Annotations:
D:11 1 runed translucent door


Innate Abilities, Weirdness & Mutations

You are immune to sickness and miasma.
Your stone body is resilient. (AC +10)
You are immune to poison.
Your large and strong wings let you fly.
You resist negative energy. (rN+)
You are resistant to electric shocks. (rElec)
You are resistant to unholy torment.
You are immune to petrification.


Message History

The black mamba bites you but does no damage.
You block the wolf's attack. The wolf bites you but does no damage.
The death yak gores you! The death yak closely misses you.
You sock the wolf!
You kill the wolf!
Okawaru accepts your kill. The black mamba bites you! The wolf bites you.
You block the wolf's attack.
The black mamba bites you but does no damage.
The wolf bites you but does no damage. You block the death yak's attack.
You block the wolf's attack. The death yak gores you!
The wolf bites you but does no damage.
You impale the wolf!!
The wolf is almost dead.
You block the black mamba's attack. The wolf bites you.
You block the wolf's attack. x2; The black mamba completely misses you.
The death yak gores you! The wolf bites you but does no damage.
The wolf closely misses you.
As you read the scroll of teleportation, it crumbles to dust.
You feel strangely unstable. The black mamba bites you.
* * * LOW HITPOINT WARNING * * *
You block the wolf's attack. x2; The wolf bites you!
* * * LOW HITPOINT WARNING * * *
The death yak gores you.
* * * LOW HITPOINT WARNING * * *
The wolf bites you but does no damage. x2; You block the wolf's attack.
You gain the combat prowess of a mighty hero.
The wolf closely misses you. The wolf bites you but does no damage.
The wolf barely misses you.
The death yak gores you but does no damage.
The death yak closely misses you.
You hit the wolf.
You kill the wolf!
Okawaru accepts your kill. You block the wolf's attack.
The wolf bites you but does no damage. The death yak gores you.
* * * LOW HITPOINT WARNING * * *
The death yak gores you!
* * * LOW HITPOINT WARNING * * *
The death yak gores you.
You die...

###.##.#.....P.##
..P..(..........##.
...........>........
....................
....................
...........(........
....#.S............
..#.YYh........###
##P@Y.###.####
##†h## ## .#.P#
###...# #....#
##.#.# .... .....


You could see 3 death yaks, a black mamba and 2 wolves.

Vanquished Creatures
  Gastronok (D:9)
  A red draconian (Volcano)
  5 hydras
  Erica (Lair:2)
  2 two-headed ogres
  Urug (Lair:3)
  Amaemon (D:9)
  A deep elf pyromancer (Volcano)
  An oklob plant (D:11)
  A salamander (Volcano)
  2 cyclopes (Volcano)
  A black mamba (Lair:3)
  Joseph (D:9)
  A merfolk siren (Lair:4)
  An orange demon (D:9)
  6 molten gargoyles (Volcano)
  3 torpor snails (Lair:4)
  5 gargoyles (Volcano)
  6 cane toads
  A kobold demonologist (D:10)
  2 rime drakes (Lair:3)
  2 efreet
  9 komodo dragons
  Grinder (D:4)
  Prince Ribbit (Lair:1)
  A troll (D:10)
  3 hornets
  12 blink frogs
  5 dream sheep (Lair:3)
  A shadow (D:9)
  Sigmund (D:6)
  46 yaks
  3 wyverns
  Grum (D:9)
  2 basilisks
  2 steam dragons (D:7)
  Menkaure (D:6)
  6 water moccasins
  6 nagas (Lair:2)
  A black bear (Lair:3)
  4 ice beasts
  4 orc warriors
  2 sky beasts
  4 ogres
  17 wolves
  4 centaurs
  2 phantoms (D:6)
  9 kobold brigands
  21 bullfrogs
  2 scorpions (D:6)
  9 gnoll sergeants
  5 wights (D:4)
  15 killer bees
  An oklob sapling (D:11)
  2 electric eels (D:10)
  3 howler monkeys (D:7)
  7 gnoll boudas
  8 hounds
  6 orc priests
  2 iguanas (D:6)
  Terence (D:2)
  17 orc wizards
  8 mummies (Ossuary)
  23 gnolls
  19 adders
  2 shadow imps
  2 worms
  3 dart slugs
  63 orcs
  5 bats
  5 endoplasms
  4 giant cockroaches
  9 goblins
  5 hobgoblins
  7 jackals
  3 quokkas
  17 ball pythons
  7 frilled lizards
  2 hobgoblin zombies (Ossuary)
  38 kobolds
  A kobold zombie (Ossuary)
  5 orc zombies (Ossuary)
  17 rats
538 creatures vanquished.

Vanquished Creatures (others)
  11 fungi
  34 plants
45 creatures vanquished.

Grand Total: 583 creatures vanquished

Notes
Turn   | Place    | Note
-------+----------+-------------------------------------------
     0 | D:1      | vineage the Gargoyle Fighter began the quest for the Orb.
     0 | D:1      | Reached XP level 1. HP: 14/14 MP: 1/1
    99 | D:1      | Reached XP level 2. HP: 17/19 MP: 2/2
   263 | D:1      | Found a faded altar of an unknown god.
   987 | D:2      | Reached XP level 3. HP: 24/24 MP: 3/3
  1007 | D:2      | Reached skill level 4 in Fighting
  1051 | D:2      | Noticed Terence
  1065 | D:2      | Killed Terence
  1194 | D:2      | Reached XP level 4. HP: 29/30 MP: 4/4
  2340 | D:3      | Reached XP level 5. HP: 28/34 MP: 3/5
  2820 | D:3      | Found a faded altar of an unknown god.
  2820 | D:3      | Found a shimmering altar of Xom.
  2827 | D:3      | Found a faded altar of an unknown god.
  2829 | D:3      | Found a white marble altar of Elyvilon.
  2831 | D:3      | Found a sparkling altar of Nemelex Xobeh.
  3001 | D:4      | Found Roanlig's Book Shoppe.
  3223 | D:4      | Reached skill level 5 in Fighting
  3299 | D:4      | Noticed Grinder
  3303 | D:4      | Paralysed by Grinder for 5 turns
  3351 | D:4      | Paralysed by Grinder for 2 turns
  3357 | D:4      | Killed Grinder
  3358 | D:4      | Reached skill level 6 in Fighting
  3358 | D:4      | Reached skill level 5 in Maces & Flails
  3358 | D:4      | Reached XP level 6. HP: 25/41 MP: 3/6
  3508 | D:4      | Reached XP level 7. HP: 21/47 MP: 2/7
  3816 | D:4      | Reached skill level 7 in Fighting
  4122 | D:4      | Found a snail-covered altar of Cheibriados.
  4645 | D:5      | Entered Level 5 of the Dungeon
  4665 | D:4      | Reached XP level 8. HP: 26/53 MP: 3/8
  5220 | D:5      | Found a sand-covered staircase.
  5226 | Ossuary  | Entered an ossuary
  5351 | Ossuary  | Reached skill level 8 in Fighting
  7178 | D:6      | Found a glowing golden altar of the Shining One.
  7230 | D:6      | Reached skill level 9 in Fighting
  7462 | D:6      | Reached XP level 9. HP: 58/60 MP: 9/9
  7721 | D:6      | Found a glowing drain.
  7725 | Sewer    | Entered a sewer
  8253 | Sewer    | Reached skill level 10 in Fighting
  8568 | D:6      | Noticed Menkaure
  8576 | D:6      | Killed Menkaure
  9080 | D:6      | Noticed Sigmund
  9114 | D:6      | Killed Sigmund
  9115 | D:6      | Reached skill level 11 in Fighting
  9286 | D:7      | Found a flagged portal.
  9294 | D:7      | Reached skill level 10 in Maces & Flails
  9294 | D:7      | Reached XP level 10. HP: 64/70 MP: 10/10
  9314 | Bailey   | Entered a bailey
 11671 | Bailey   | Found the +2 cloak of the Thief {*Fog Slay-2 SInv Stlth+}
 11992 | D:7      | Reached skill level 5 in Armour
 11992 | D:7      | Reached skill level 5 in Shields
 12374 | D:7      | Found a staircase to the Ecumenical Temple.
 12410 | Temple   | Entered the Ecumenical Temple
 12512 | Temple   | Became a worshipper of Warmaster Okawaru
 13153 | D:8      | Found Byatta Teos's Distillery.
 13162 | D:8      | Bought a potion of might for 44 gold pieces
 13162 | D:8      | Bought a potion of mutation for 88 gold pieces
 13211 | D:8      | Reached skill level 12 in Fighting
 13353 | D:8      | Identified the +0 robe of Noughts and Crosses {Harm rF-
                  | Regen+ rCorr}
 13503 | D:8      | Reached XP level 11. HP: 33/76 MP: 6/11
 14385 | D:8      | Noticed a two-headed ogre
 14395 | D:8      | Killed a two-headed ogre
 14395 | D:8      | Reached * piety under Okawaru
 14893 | D:9      | You are sucked into a shaft and drop 1 floor!
 14893 | D:10     | Entered Level 10 of the Dungeon
 15171 | D:9      | Noticed Gastronok
 15233 | D:9      | Killed Gastronok
 15233 | D:9      | Reached ** piety under Okawaru
 15727 | D:9      | Noticed a two-headed ogre
 15743 | D:9      | Killed a two-headed ogre
 15816 | D:9      | Noticed Grum
 15866 | D:9      | Killed Grum
 15882 | D:9      | Noticed Joseph
 15909 | D:9      | Killed Joseph
 15909 | D:9      | Reached *** piety under Okawaru
 16309 | D:9      | Found a staircase to the Orcish Mines.
 16373 | D:9      | Noticed Amaemon
 16396 | D:9      | Reached skill level 13 in Fighting
 16420 | D:9      | Killed Amaemon
 16779 | D:9      | Got the Vademecum on Spellbinding Conjuration
 16838 | D:9      | Reached XP level 12. HP: 56/84 MP: 9/12
 17832 | D:10     | Reached **** piety under Okawaru
 18021 | D:10     | Found a staircase to the Lair.
 18864 | D:10     | Found Acenien's Neck Hole.
 18869 | D:10     | Bought a +0 cloak of willpower for 184 gold pieces
 19012 | D:11     | Noticed an eight-headed hydra
 19043 | D:11     | Killed an eight-headed hydra
 19408 | D:11     | Noticed a stone giant
 19414 | D:11     | Found a runed translucent door.
 19414 | D:11     | Noticed a tengu warrior
 19416 | D:11     | Noticed a six-headed hydra
 19426 | D:11     | Killed a six-headed hydra
 19426 | D:11     | Reached ***** piety under Okawaru
 20280 | Lair:1   | Entered Level 1 of the Lair of Beasts
 20363 | Lair:1   | Reached skill level 14 in Fighting
 20644 | Lair:1   | Noticed Prince Ribbit
 20678 | Lair:1   | Killed Prince Ribbit
 20842 | Lair:1   | Found a dark tunnel.
 20848 | Volcano  | Entered a volcano
 20870 | Volcano  | Reached XP level 13. HP: 81/90 MP: 10/13
 21104 | Volcano  | Identified the +5 scale mail of Blue Divine Compulsion
                  | {Dex+2} (Okawaru gifted it to you in a volcano)
 21104 | Volcano  | Received a gift from Okawaru
 21144 | Volcano  | Reached skill level 1 in Invocations
 21316 | Volcano  | Reached skill level 10 in Armour
 21316 | Volcano  | Reached skill level 10 in Shields
 21552 | Volcano  | Noticed a red draconian
 21684 | Volcano  | Killed a red draconian
 21783 | Volcano  | Noticed an orb of fire
 21821 | Volcano  | Noticed an orb of fire
 23217 | Lair:2   | Noticed Erica
 23375 | Lair:2   | Killed Erica
 24221 | Lair:2   | Found a staircase to the Snake Pit.
 24939 | Lair:3   | Noticed Urug
 24944 | Lair:3   | Received a gift from Okawaru
 24944 | Lair:3   | Found the +6 Majin-Bo {vamp, MP+6 Int+6}
 25020 | Lair:3   | Reached skill level 15 in Fighting
 25025 | Lair:3   | Killed Urug
 25285 | Lair:3   | Got Sif Muna's Atlas of Vapour
 25873 | Lair:4   | Reached skill level 5 in Invocations
 25873 | Lair:4   | Gained mutation: Your large and strong wings let you fly.
                  | [Gargoyle growth]
 25873 | Lair:4   | Reached XP level 14. HP: 31/98 MP: 6/17
 26591 | Lair:4   | Found a staircase to the Shoals.
 26835 | Lair:4   | Found a snail-covered altar of Cheibriados.
 26928 | Lair:4   | Identified the +6 plate armour of Action {rPois rN+ Will+}
                  | (Okawaru gifted it to you on level 4 of the Lair of Beasts)
 26928 | Lair:4   | Received a gift from Okawaru
 27313 | Lair:5   | HP: 2/98 [death yak (14)]
 27313 | Lair:5   | Slain by a death yak

Illustrated notes

Levels and vault maps discovered:
D:1:      moated_graveyard_arrival, layout_basic,
          shapermc_ecumenical_altar_mp_ritualfount, serial_forest,
          infiniplex_forest_lined_corner, infiniplex_forest_lined_room_3,
          infiniplex_forest_lined_2, infiniplex_forest_lined_room_,
          infiniplex_forest_straight_2, infiniplex_forest_clump_diagonal,
          infiniplex_forest_end_3, minmay_misc_feat_ornament
D:2:      layout_basic, minmay_pentomino_pile, uniq_terence
D:3:      layout_basic, chequers_temple_overflow_minitemple,
          nicolae_eternal_life, chequers_big_river, corexii_shack
D:4:      layout_rooms, kennysheep_slug_shrine, serial_shops,
          nicolae_shop_crystal, st_stairs_10, dreamdust_gnoll_farm, uniq_grinder
D:5:      layout_basic, nicolae_ossuary_entry_plus, dk_noncrumbling_3,
          kennysheep_nub, st_stairs_10, guppyfry_early_lair_pool
D:6:      layout_gridville, tso_metal_star, gup_sewer_entry_spiral,
          st_stairs_13, corexii_checkpoint_a, grunt_decor_cap, uniq_menkaure,
          uniq_sigmund
D:7:      layout_basic, minmay_temple_entry_statues_fountains, enter_bailey_5
D:8:      layout_cave_pools, serial_shops, shop
D:9:      layout_stronghold, hiddenorc2_lemuel, uniq_grum, uniq_gastronok,
          uniq_joseph, uniq_amaemon
D:10:     layout_loops_corners, erik_lair_island,
          nicolae_shop_sticking_my_neck_out
D:11:     layout_long_grid, minmay_st_funbox, introduction_to_nature_2
Temple:   bh_familiar_temple
Lair:1:   layout_chaotic_city, enter_volcano_1, grunt_megastairs_2,
          uniq_prince_ribbit2
Lair:2:   layout_regular_city, minmay_snake_entry_guardpost_large,
          serial_bayou_pond_c, lemuel_fruit_fields, uniq_erica
Lair:3:   layout_big_grid, serial_bayou_shore_a, grunt_megastairs_1, uniq_urug
Lair:4:   layout_cave_pods, minmay_shoals_entry_lonely_mermaid,
          kennysheep_snail_temple, serial_bayou_shore_b, lemuel_fruit_tree
Lair:5:   layout_roguey, slime_entry_1, gammafunk_ghost_berserking_beasts,
          beast_lair_carwin_2

Skill      XL: |  1  2  3  4  5  6  7  8  9 10 11 12 13 |
---------------+----------------------------------------+-----
Fighting       | 4 6 7 9 11 12 13 14 15 | 15.3
Maces & Flails | 3 5 6 8 10 11 12 13 | 13.9
Armour         | 5 7 9 11 | 11.3
Shields        | 5 7 9 11 | 11.3
Invocations    | 5 |  5.7

Action                   |  1- 3 |  4- 6 |  7- 9 | 10-12 | 13-15 || total
-------------------------+-------+-------+-------+-------+-------++-------
Melee: Flail             |    70 |    32 |       |       |       ||   102
       Whip              |       |   186 |   629 |  1050 |       ||  1865
       Demon whip        |       |       |       |   643 |   184 ||   827
       Morningstar       |       |       |       |       |   297 ||   297
       Eveningstar       |       |       |       |       |   111 ||   111
Invok: Heroism           |       |       |       |     6 |    13 ||    19
  Use: Scroll            |     3 |     5 |    10 |    10 |     2 ||    30
       Potion            |       |     2 |     6 |     9 |       ||    17
Armor: Scale mail        |    32 |    98 |    53 |       |   218 ||   401
       Skin              |       |     7 |    78 |       |       ||    85
       Ring mail         |       |       |   152 |   526 |       ||   678
       Troll leather arm |       |       |       |   150 |       ||   150
Dodge: Dodged            |    37 |    94 |   191 |   661 |   105 ||  1088
Block: Buckler           |    13 |    33 |    69 |   336 |    10 ||   461
       Tower shield      |       |       |       |       |   368 ||   368

Table legend: (Time is in decaauts)
 A = Elapsed time spent in this place.
 B = Non-inter-level travel time spent in this place.
 C = Inter-level travel time spent in this place.
 D = Time resting spent in this place.
 E = Time spent auto-exploring this place.
 F = Levels seen in this place.
 G = Mean time per level.
                   A        B        C        D        E       F      G
               +--------+--------+--------+--------+--------+-----+--------+
         Total |  26553 |  25878 |    675 |   5665 |  15529 |  21 | 1264.4 |
       Dungeon |  15898 |  15427 |    471 |   2324 |  10351 |  11 | 1445.3 |
        Temple |    115 |     86 |     29 |      0 |     82 |   1 |  115.0 |
          Lair |   4963 |   4788 |    175 |    538 |   3474 |   5 |  992.6 |
         Sewer |    538 |    538 |      0 |      0 |    374 |   1 |  538.0 |
       Ossuary |    730 |    730 |      0 |    395 |    191 |   1 |  730.0 |
        Bailey |   2311 |   2311 |      0 |   1513 |    308 |   1 | 2311.0 |
       Volcano |   1996 |   1996 |      0 |    895 |    748 |   1 | 1996.0 |
               +--------+--------+--------+--------+--------+-----+--------+

Top non-repeatable levels by time:
     D:9: 3114 daAuts
  Bailey: 2311 daAuts
 Volcano: 1996 daAuts
     D:4: 1810 daAuts
  Lair:2: 1569 daAuts
  Lair:4: 1484 daAuts
     D:6: 1475 daAuts
     D:5: 1439 daAuts
    D:10: 1405 daAuts
     D:3: 1301 daAuts
     D:7: 1286 daAuts
    D:11: 1197 daAuts
     D:8: 1003 daAuts
     D:1: 976 daAuts
  Lair:1: 963 daAuts
